 Dungeon Crawl Stone Soup version 0.25-b1-41-g19641232cd (webtiles) character file.

Game seed: 8541265352063906325

140 Descartes the Grasshopper (level 5, -1/23 HPs)
             Began as a Felid Warper on June 8, 2020.
             Succumbed to a scorpion's poison
             ... on level 4 of the Dungeon.
             The game lasted 00:06:27 (3772 turns).

Descartes the Grasshopper (Felid Warper)            Turns: 3772, Time: 00:06:28

Health: -1/23      AC:  1    Str:  8    XL:     5   Next: 2%
Magic:  8/10       EV: 19    Int: 14    God:
Gold:   194        SH:  0    Dex: 16    Spells: 2/9 levels left
                                        Lives:  0   Deaths: 1

rFire    . . .     SeeInvis +     - Unarmed
rCold    . . .     Gourm    .   (shield unavailable)
rNeg     . . .     Faith    .   (armour unavailable)
rPois    .         Spirit   .   (helmet unavailable)
rElec    .         Reflect  .   (cloak unavailable)
rCorr    .         Harm     .   (gloves unavailable)
MR       .....                  (boots unavailable)
Stlth    +++.......             (no amulet)
HPRegen  0.07/turn              (no ring)
MPRegen  0.12/turn              (no ring)

@: lethally poisoned (-1 -> -25), quick
A: very small, no armour, no weapons or thrown items, stealth, claws 1, fangs 3,
see invisible, carnivore, speed 1, shaggy fur 1, slow metabolism 1, sharp paws
a: no special abilities


You were on level 4 of the Dungeon.
You were completely stuffed.

You visited 1 branch of the dungeon, and saw 4 of its levels.

You collected 194 gold pieces.

Inventory:

Missiles
 g - 22 arrows
 j - 30 stones
Jewellery
 t - a +4 ring of protection {unknown}
Scrolls
 a - 3 scrolls of remove curse
 b - 2 scrolls of blinking
 d - 2 scrolls of amnesia {unknown}
 e - a scroll of noise {unknown}
 f - 2 scrolls of identify {unknown}
 k - a scroll of fog {unknown}
 n - a scroll of magic mapping {unknown}
 q - 2 scrolls of enchant armour {unknown}
 r - a scroll of fear {unknown}
 s - 3 scrolls of teleportation {unknown}
Potions
 h - a potion of flight {unknown}
 i - a potion of degeneration {unknown}
 l - 4 potions of heal wounds {unknown}
 m - a potion of resistance {unknown}
 o - a potion of haste {unknown}
 p - 2 potions of mutation {unknown}
Comestibles
 c - 6 rations


   Skills:
 + Level 2.7 Fighting
 + Level 4.2 Dodging
 * Level 2.4 Stealth
 * Level 3.3 Unarmed Combat
 + Level 2.8 Spellcasting
 + Level 1.4 Charms
 + Level 4.8 Translocations


You had 2 spell levels left.
You knew the following spells:

 Your Spells              Type           Power        Failure   Level  Hunger
a - Blink                 Tloc           N/A          4%          2    ###....
b - Shroud of Golubria    Chrm/Tloc      ##....       10%         2    ###....
c - Teleport Other        Tloc           ###.....     9%          3    ###....

Your spell library contained the following spells:

 Spells                   Type           Power        Failure   Level  Hunger
 Gell's Gravitas          Tloc           ###.......   9%          3    ###....
 Lesser Beckoning         Tloc           ###.......   9%          3    ###....
 Passage of Golubria      Tloc           N/A          30%         4    #####..


Dungeon Overview and Level Annotations

Branches:
Dungeon (4/15)
 Temple: D:4-7

Altars:
Hepliaklqana
The Shining One

Annotations:
D:3 Terence


Innate Abilities, Weirdness & Mutations

You cannot wear armour.
You are incapable of wielding weapons or throwing items.
Your paws allow you to move quietly. (Stealth)
You have sharp claws.
You have razor-sharp teeth.
You have supernaturally acute eyesight. (SInv)
You are carnivorous and can eat meat at any time.
You cover ground quickly.
You are covered in fur. (AC +1)
You have a slow metabolism.
Your sharp claws are effective at attacking unaware monsters.


Message History

The scorpion misses you.
You barely miss the scorpion.
The scorpion is severely wounded.
The scorpion stings you.
You are lethally poisoned!
The scorpion poisons you!
You scratch the scorpion.
The scorpion is almost dead.
You feel sick. The scorpion closely misses you.
You barely miss the scorpion.
The scorpion is almost dead.
You feel sick. The scorpion stings you.
* * * LOW HITPOINT WARNING * * *
You are more poisoned.
The scorpion poisons you!
You scratch the scorpion.
You kill the scorpion!
You have reached level 5!
You feel agile.
You die...

#+# ###
#.###### ...
#......#
#.###......#
..........##
#.?........
#.......#
#@# #.# #.#
#.# #.# #>#
#!# #.# #.#


There were no monsters in sight!

Vanquished Creatures
  A scorpion (D:4)
  A worker ant (D:4)
  4 adders
  2 oozes
  A worm (D:3)
  3 dart slugs
  A leopard gecko (D:1)
  9 bats
  6 giant cockroaches
  5 goblins
  4 hobgoblins
  6 jackals
  6 kobolds
  A quokka (D:2)
  3 frilled lizards
  8 rats
61 creatures vanquished.

Notes
Turn   | Place    | Note
-------+----------+-------------------------------------------
     0 | D:1      | Descartes the Felid Warper began the quest for the Orb.
     0 | D:1      | Reached XP level 1. HP: 9/9 MP: 4/4
   233 | D:1      | Reached XP level 2. HP: 13/13 MP: 6/6
  1025 | D:1      | Reached XP level 3. HP: 16/16 MP: 7/7
  1304 | D:2      | Learned a level 2 spell: Blink
  1307 | D:2      | Learned a level 2 spell: Shroud of Golubria
  1311 | D:2      | Learned a level 3 spell: Teleport Other
  1943 | D:2      | Found a glowing golden altar of the Shining One.
  1945 | D:2      | Found a hazy altar of Hepliaklqana.
  2037 | D:2      | Reached skill level 1 in Stealth
  2567 | D:3      | Reached XP level 4. HP: 19/19 MP: 5/8
  2883 | D:3      | Noticed Terence
  2918 | D:3      | HP: 1/20 [Terence/+0 mace (8)]
  2919 | D:3      | Mangled by Terence
  2920 | D:3      | Reached XP level 3. HP: -6/16 MP: 7/7
  2972 | D:3      | Reached skill level 1 in Charms
  3508 | D:3      | Reached XP level 4. HP: 9/20 MP: 5/9
  3771 | D:4      | HP: 1/20 [scorpion (6)]
  3772 | D:4      | Reached XP level 5. HP: 1/23 MP: 8/10
  3772 | D:4      | Succumbed to a scorpion's poison

Illustrated notes

Levels and vault maps discovered:
D:1:      dpeg_arrival_tiny_g, layout_basic
D:2:      layout_loops_ring, nicolae_overflow_hidden_temple, minmay_diced_spiral
D:3:      layout_basic, first_ration, uniq_jessica, uniq_terence, uniq_sigmund
D:4:      layout_loops_corners, gammafunk_temple_overflow_elements,
          serial_shops, nicolae_shop_waterfront, minmay_bent, uniq_natasha

Skill      XL: |  1  2  3  4 |
---------------+-------------+-----
Stealth        | 1 2 |  2.4
Unarmed Combat | 3 |  3.3
Charms         | 1 |  1.4
Dodging        | 4 |  4.2
Fighting       | |  2.7
Spellcasting   | |  2.8
Translocations | |  4.8

Action                   |  1- 3 |  4- 6 || total
-------------------------+-------+-------++-------
Melee: Unarmed           |   177 |    74 ||   251
       Bite              |    11 |     3 ||    14
 Cast: Shroud of Golubri |     5 |     4 ||     9
  Use: Scroll            |     1 |       ||     1
       Potion            |     1 |       ||     1
 Stab: Sleeping          |    10 |     2 ||    12
  Eat: Chunk             |    16 |     3 ||    19
Armor: Skin              |     5 |       ||     5
Dodge: Dodged            |   159 |    50 ||   209
